Map: Pylon LE

Players

Zombie - Winner!

  • Race: Protoss Protoss
  • League: Master
  • Spawn Location: 5:00

ManlyManMeat

  • Race: Zerg Zerg
  • League: Diamond
  • Spawn Location: 11:00

VOD

Have the link to the VOD?

Description

Time

  • Played on: July 1, 2025, 3:16 p.m.
  • Length: 18:57
Show
View Real Time Build Order
Export as new Build Order

Zombie Protoss - Winner!

Build Orders: 1 Gate Expand, Zealot Archon 

Get SALT Encoding   

  12  0:00  Probe  
  13  0:12  Probe  
  14  0:20  Pylon  
  14  0:25  Probe  
  15  0:34  Probe  
  15  0:40  Gateway  
  16  0:44  Probe  
  17  0:50  Assimilator  
  17  0:54  Probe  
  18  1:03  Probe  
  19  1:11  Probe  
  20  1:21  Probe  
  21  1:29  Cybernetics Core  
  21  1:38  Nexus  
  21  1:46  Pylon  
  21  1:52  Assimilator  
  21  1:55  Probe  
  22  2:03  Probe  
  22  2:05  Warp Gate  
  22  2:06  Adept  
  25  2:11  Probe  
  25  2:21  Probe  
  27  2:32  Gateway  
  27  2:33  Probe, Stalker  
  30  2:45  Probe  
  30  2:49  Probe  
  31  2:57  Probe x2  
  33  3:01  Robotics Facility  
  34  3:06  Pylon  
  34  3:07  Probe, Sentry  
  34  3:09  Probe  
  38  3:18  Probe  
  38  3:19  Probe  
  39  3:26  Gateway, Probe  
  40  3:27  Gateway  
  40  3:31  Probe  
  42  3:36  Probe  
  42  3:40  Pylon  
  43  3:42  Pylon  
  43  3:48  Probe, Warp Prism  
  46  3:56  Sentry, Stalker  
  50  4:04  Probe x2  
  52  4:18  Observer  
  52  4:20  Pylon, Stalker  
  52  4:21  Stalker x3  
  61  4:34  Nexus  
  61  4:40  Twilight Council  
  61  4:46  Adept  
  61  4:48  Probe x2  
  61  4:50  Assimilator  
  65  4:54  Pylon  
  65  4:56  Stalker  
  67  5:07  Stalker x2  
  71  5:19  Adept  
  71  5:20  Adept  
  75  5:26  Probe x2  
  75  5:36  Charge  
  75  5:38  Probe  
  75  5:40  Probe  
  77  5:46  Forge  
  77  5:48  Gateway  
  77  5:49  Gateway  
  77  5:50  Probe  
  77  5:51  Gateway  
  77  5:52  Probe  
  77  5:53  Gateway  
  79  6:02  Probe  
  80  6:08  Immortal  
  80  6:09  Protoss Ground Weapons Level 1, Probe x2  
  82  6:14  Probe  
  87  6:21  Probe x2  
  87  6:25  Assimilator  
  89  6:26  Probe  
  89  6:33  Probe x2  
  89  6:35  Shield Battery  
  89  6:36  Shield Battery  
  89  6:38  Probe, Templar Archives  
  92  6:41  Adept x2  
  92  6:45  Probe x2  
  98  6:49  Pylon  
  98  6:50  Probe  
  99  6:57  Probe x2  
  101  7:07  Probe  
  101  7:09  Probe  
  101  7:14  Zealot x3  
  101  7:15  Probe  
  109  7:21  Pylon  
  109  7:22  Pylon  
  109  7:23  Pylon  
  109  7:37  Gateway  
  109  7:38  Gateway  
  109  7:39  Gateway, Probe x3  
  109  7:42  Pylon  
  109  7:44  High Templar x4, Photon Cannon  
  112  7:45  High Templar  
  112  7:47  Photon Cannon  
  112  7:49  Archon  
  112  7:50  Archon, Assimilator  
  122  7:51  Assimilator  
  94  8:09  Zealot x3  
  84  8:18  Zealot  
  84  8:19  Zealot x2  
  90  8:21  Zealot x2  
  94  8:28  Probe x2  
  94  8:29  Probe  
  94  8:30  Protoss Ground Weapons Level 2  
  87  8:34  Zealot  
  87  8:35  Zealot x2  
  87  8:40  Psionic Storm, Probe x2  
  87  8:41  Probe  
  91  8:49  Observer  
  91  8:52  Probe  
  91  8:53  Probe x2  
  94  8:57  Blink  
  94  9:05  Probe x3  
  97  9:10  Photon Cannon  
  97  9:17  Probe x3, Photon Cannon  
  98  9:22  Photon Cannon  
  100  9:29  Probe x3  
  102  9:32  Adept x4  
  78  9:48  Zealot x2  
  40  10:56  Pylon  
  40  10:57  Pylon  
  40  11:14  Probe  
  40  11:17  High Templar  
  40  11:18  High Templar  
  45  11:19  High Templar x2  
  45  11:23  Archon  
  45  11:26  Probe  
  40  11:37  Zealot x2  
  38  12:06  Nexus  
  38  12:09  High Templar  
  40  12:34  Zealot x2  
  44  12:43  Pylon  
  44  12:55  Cybernetics Core  
  29  13:12  High Templar  
  31  13:16  High Templar  
  31  13:19  Probe  
  33  13:21  Archon  
  33  13:23  Probe  
  35  13:27  Probe  
  36  13:35  Probe  
  37  13:43  Pylon  
  37  13:48  Probe, Shield Battery  
  38  13:56  Sentry  
  38  13:57  Probe  
  41  14:12  Probe  
  42  14:18  Assimilator  
  42  14:22  Probe x2  
  42  14:29  Protoss Ground Weapons Level 3  
  42  14:30  Probe x2  
  44  14:35  Pylon  
  46  14:56  High Templar  
  48  15:02  Gateway  
  48  15:03  Gateway  
  48  15:04  Probe x2  
  42  15:23  Probe  
  42  15:24  Probe  
  39  15:36  Probe x2  
  39  15:40  Zealot x2  
  45  15:47  Gateway  
  45  15:48  Probe  
  47  15:50  Probe  
  47  15:59  Assimilator, High Templar x2  
  47  16:01  Observer  
  51  16:12  Warp Prism  
  53  16:26  Pylon  
  53  16:27  Pylon  
  53  16:31  High Templar x2  
  57  16:37  Dark Shrine  
  57  16:40  Archon  
  57  16:56  Pylon  
  57  17:16  High Templar x2  
  57  17:18  Zealot x4  
  57  17:20  Archon  
  62  17:49  Photon Cannon  
  62  17:58  Pylon  
  62  18:17  Dark Templar x2  
  62  18:18  Dark Templar  
  68  18:46  High Templar x2  
  68  18:47  High Templar  
Show
View Real Time Build Order
Export as new Build Order

ManlyManMeat Zerg 

Build Orders: Hatch First 

Get SALT Encoding   

  12  0:00  Drone  
  13  0:08  Drone  
  14  0:16  Drone, Extractor  
  15  0:22  Overlord  
  15  0:41  Drone  
  16  0:46  Hatchery  
  16  0:49  Drone  
  16  0:54  Drone  
  17  0:57  Drone  
  18  1:08  Extractor  
  17  1:13  Spawning Pool  
  16  1:19  Drone x2  
  18  1:27  Drone  
  19  1:42  Drone  
  20  1:59  Queen  
  20  2:00  Queen  
  24  2:08  Zergling x4  
  26  2:11  Overlord  
  26  2:19  Drone x2  
  28  2:26  Metabolic Boost  
  28  2:35  Drone x3  
  28  2:36  Drone  
  32  2:54  Drone x2  
  32  2:55  Drone x2  
  36  3:00  Hatchery  
  35  3:10  Drone  
  36  3:20  Overlord  
  36  3:21  Overlord  
  36  3:22  Overlord  
  36  3:27  Baneling Nest, Drone  
  36  3:30  Drone, Evolution Chamber  
  36  3:38  Drone, Queen  
  36  3:39  Drone x2  
  41  3:54  Drone x5  
  46  3:59  Drone, Extractor  
  46  4:00  Drone x2  
  47  4:23  Drone x3  
  47  4:24  Drone x2, Overlord  
  52  4:25  Overlord  
  52  4:30  Spore Crawler  
  52  4:31  Spore Crawler  
  50  4:33  Zergling x16  
  50  4:35  Zerg Melee Weapons Level 1  
  58  4:40  Lair  
  58  4:54  Zergling x10  
  63  5:03  Zergling x6  
  63  5:04  Overlord x2  
  66  5:07  Baneling x4  
  66  5:08  Baneling x4  
  63  5:29  Zergling x12  
  68  5:52  Hatchery  
  67  5:59  Zergling x2  
  68  6:05  Overlord x3  
  68  6:06  Hatchery  
  68  6:09  Zergling x2  
  68  6:17  Overseer  
  68  6:19  Centrifugal Hooks  
  69  6:25  Zergling x8  
  69  6:26  Zergling x4  
  74  6:40  Zerg Ground Armor Level 1  
  74  6:41  Zergling x4  
  74  6:43  Overlord x3  
  76  7:00  Hatchery  
  75  7:03  Baneling Nest  
  70  7:20  Zergling x2  
  70  7:21  Zergling x22  
  82  7:35  Baneling x13  
  83  7:37  Zergling x10  
  87  7:45  Drone x4  
  87  7:46  Drone  
  76  8:08  Zergling x12  
  76  8:09  Zergling x12  
  70  8:19  Zergling x8  
  72  8:29  Zergling x2  
  72  8:30  Zergling x18  
  75  8:45  Zergling x8  
  75  8:46  Zergling x10  
  83  8:57  Zergling x14  
  83  8:58  Baneling x7  
  90  9:09  Drone x9  
  99  9:15  Zergling x6  
  100  9:40  Zergling x4  
  100  9:41  Overlord x2  
  100  9:42  Overlord  
  100  9:59  Zergling x18  
  103  10:00  Zergling x10  
  95  10:07  Zergling x10  
  95  10:13  Baneling x3  
  95  10:14  Baneling x11  
  89  10:35  Zergling x12  
  81  10:45  Zergling x4  
  79  11:18  Zergling x4  
  79  11:19  Zergling x10  
  64  11:35  Zergling x8  
  56  12:28  Hatchery  
  55  12:32  Baneling x15  
  56  12:37  Zergling x2  
  46  12:59  Zergling x10  
  51  13:20  Zergling x2  
  51  13:21  Zergling x6  
  55  13:27  Zergling x6  
  58  13:39  Zergling x6  
  61  13:45  Drone  
  62  13:51  Drone x3  
  65  14:09  Zergling x8  
  72  14:10  Zergling x8  
  72  14:16  Zerg Melee Weapons Level 2  
  73  14:25  Zergling x8  
  77  14:38  Zergling x14  
  84  14:50  Baneling x2  
  84  14:51  Baneling x9  
  84  14:52  Zergling x4  
  86  15:03  Zergling x2  
  86  15:04  Zergling x10  
  71  15:22  Zergling x2  
  71  15:23  Zergling x14  
  76  15:28  Zergling x2  
  76  15:29  Zergling x2  
  71  15:47  Hatchery  
  69  15:57  Roach Warren  
  68  16:20  Hatchery  
  67  16:33  Zerg Missile Weapons Level 1  
  67  16:39  Roach x9  
  85  16:46  Extractor  
  84  16:47  Drone x3, Extractor  
  84  16:48  Drone  
  84  16:51  Drone  
  87  16:54  Drone  
  88  17:04  Zergling x8  
  91  17:19  Roach x4  
  98  17:31  Roach x4  
  95  17:41  Roach x3  
  77  17:47  Roach x2  
  78  17:52  Roach  
  80  18:00  Roach x3  
  86  18:10  Ravager x4  
  90  18:14  Zergling x10  
  90  18:18  Overlord  
  95  18:36  Roach x6  
  95  18:39  Overlord  
  104  18:46  Spore Crawler  
Tags
 
Add a new tag
Caveats
  • Supply blocks, unpowered buildings, or Contaminate may cause inaccurate times.
  • Supply counts are checked every 10 seconds.